3R
NORTHWEST TERRITORY BEAVERS @ GREENPORT HARBOR WHALES
08/03/2042
 
TOP OF THE 1ST
Northwest Territory Beavers batting - Pitching for Greenport Harbor Whales : RHP Leonard Harmon
Pitching: RHP Leonard Harmon
Batting: RHB Jessie Hall 0-0: Swinging Strike
0-1: Called Strike
0-2: Ball
1-2: Fly out, F9 (Flyball, 9LM, EV 90.6 MPH)
Batting: RHB Hyun-soo Yi 0-0: TRIPLE (Flyball, 8LXD, EV 105.0 MPH)
Batting: RHB Ming Wang 0-0: Called Strike
0-1: Ball
1-1: Ball
2-1: Foul Ball, location: 2F
2-2: Ball
3-2: Base on Balls
Batting: RHB Ijsbert Reynoud 0-0: Ball
1-0: Called Strike
1-1: Grounds into double play, 4-6-3 (Groundball, 34, EV 106.2 MPH)
Top of the 1st over - 0 runs, 1 hit, 0 errors, 1 left on base; Northwest Territory 0 - Greenport 0
BOTTOM OF THE 1ST
Greenport Harbor Whales batting - Pitching for Northwest Territory Beavers : LHP Archie MacMurchy
Pitching: LHP Archie MacMurchy
Batting: RHB Alex Thompson 0-0: DOUBLE (Line Drive, 78D, EV 105.6 MPH)
Batting: RHB Jeffrey Lewis 0-0: Called Strike
0-1: Ball
1-1: SINGLE (Groundball, 34D, EV 98.1 MPH)
Alex Thompson to third
Batting: LHB Albert Hanson 0-0: Ball
1-0: Ball
2-0: SINGLE (Groundball, 5D, EV 107.5 MPH)
Alex Thompson scores
Jeffrey Lewis to second
Batting: RHB Robert Robinson 0-0: Called Strike
0-1: Ball
1-1: Called Strike
1-2: Ball
2-2: 3-RUN HOME RUN (Flyball, 89XD, EV 94.4 MPH), Distance : 410 ft
Batting: LHB Fabian Ekkel 0-0: Fly out, F8 (Flyball, 8RD, EV 108.8 MPH)
Batting: RHB Andrew Rijerkerk 0-0: Ball
1-0: Swinging Strike
1-1: Ball
2-1: Called Strike
2-2: Foul Ball, location: 2F
2-2: Ground out 6-3 (Groundball, 6, EV 83.8 MPH)
Batting: RHB Mariano Cabral 0-0: Called Strike
0-1: Swinging Strike
0-2: Foul Ball, location: 2F
0-2: Foul Ball, location: 2F
0-2: Ball
1-2: Ball
2-2: Strikes out looking
Bottom of the 1st over - 4 runs, 4 hits, 0 errors, 0 left on base; Northwest Territory 0 - Greenport 4
TOP OF THE 2ND
Northwest Territory Beavers batting - Pitching for Greenport Harbor Whales : RHP Leonard Harmon
Batting: RHB Brian Day 0-0: Called Strike
0-1: Called Strike
0-2: Ground out 1-3 (Groundball, P, EV 92.5 MPH)
Batting: RHB John Warren 0-0: Ball
1-0: SINGLE (Flyball, 89M, EV 95.6 MPH)
Batting: RHB Ramón Moreno 0-0: Ball
1-0: Reached on error, E6 (Groundball, 6, EV 86.9 MPH)
John Warren to second
Batting: RHB Jean-Pierre Alix 0-0: Ball
1-0: Fly out, F9 (Flyball, 9LM, EV 108.8 MPH)
Batting: RHB Xavier Gonzalez 0-0: Called Strike
0-1: Swinging Strike
0-2: Foul Ball, location: 2F
0-2: Strikes out swinging
Top of the 2nd over - 0 runs, 1 hit, 1 error, 2 left on base; Northwest Territory 0 - Greenport 4
BOTTOM OF THE 2ND
Greenport Harbor Whales batting - Pitching for Northwest Territory Beavers : LHP Archie MacMurchy
Batting: RHB Dusty Chapman 0-0: Ball
1-0: Ball
2-0: Ball
3-0: Called Strike
3-1: Foul Ball, location: 2F
3-2: Fly out, F9 (Line Drive, 9, EV 83.8 MPH)
Batting: RHB Vonne Zureta 0-0: Called Strike
0-1: Ball
1-1: Ball
2-1: Foul Ball, location: 2F
2-2: Ground out 5-3 (Groundball, 56S, EV 90.0 MPH)
Batting: RHB Alex Thompson 0-0: Called Strike
0-1: Ball
1-1: Ball
2-1: Fly out, F9 (Flyball, 9D, EV 90.6 MPH)
Bottom of the 2nd over - 0 runs, 0 hits, 0 errors, 0 left on base; Northwest Territory 0 - Greenport 4
TOP OF THE 3RD
Northwest Territory Beavers batting - Pitching for Greenport Harbor Whales : RHP Leonard Harmon
Batting: RHB Jessie Hall 0-0: SINGLE (Flyball, 89S, EV 96.9 MPH)
Batting: RHB Hyun-soo Yi 0-0: Ball
1-0: Foul Ball, location: 2F
1-1: Swinging Strike
1-2: DOUBLE (Flyball, 8RXD, EV 111.9 MPH)
Jessie Hall to third
Runner from 3rd tries for Home, SAFE, throw by CF to trailing runner, OUT at third! 8-4-5
Batting: RHB Ming Wang 0-0: Swinging Strike
0-1: Ball
1-1: Foul Ball, location: 2F
1-2: Ball
2-2: Fly out, F7 (Line Drive, 7, EV 98.1 MPH)
Batting: RHB Ijsbert Reynoud 0-0: Called Strike
0-1: SINGLE (Groundball, 6D, EV 94.4 MPH)
Batting: RHB Brian Day 0-0: Ball
1-0: Ball
Wild Pitch!
Ijsbert Reynoud to second
2-0: Called Strike
2-1: Reached on error, E5 (Groundball, 56S, EV 86.9 MPH)
Ijsbert Reynoud scores
Batting: RHB John Warren 0-0: Ball
1-0: DOUBLE (Flyball, 78D, EV 95.6 MPH)
Brian Day scores
Batting: RHB Ramón Moreno 0-0: Swinging Strike
0-1: Swinging Strike
0-2: Ground out 5-3 (Groundball, 56, EV 103.1 MPH)
Top of the 3rd over - 3 runs, 4 hits, 1 error, 1 left on base; Northwest Territory 3 - Greenport 4
BOTTOM OF THE 3RD
Greenport Harbor Whales batting - Pitching for Northwest Territory Beavers : LHP Archie MacMurchy
Batting: RHB Jeffrey Lewis 0-0: Foul Ball, location: 2F
0-1: Ball
1-1: Foul Ball, location: 2F
1-2: Ground out 5-3 (Groundball, 56, EV 82.5 MPH)
Batting: LHB Albert Hanson 0-0: Called Strike
0-1: Ball
1-1: Ball
2-1: SINGLE (Groundball, 5S, EV 64.4 MPH) (infield hit)
Batting: RHB Robert Robinson 0-0: Called Strike
0-1: Foul Ball, location: 2F
0-2: Ball
1-2: Foul Ball, location: 2F
1-2: Strikes out swinging
Batting: LHB Fabian Ekkel 0-0: Foul Ball, location: 2F
0-1: Ball
1-1: Swinging Strike
1-2: Foul Ball, location: 2F
1-2: Ball
2-2: Foul Ball, location: 2F
2-2: Strikes out swinging
Bottom of the 3rd over - 0 runs, 1 hit, 0 errors, 1 left on base; Northwest Territory 3 - Greenport 4
TOP OF THE 4TH
Northwest Territory Beavers batting - Pitching for Greenport Harbor Whales : RHP Leonard Harmon
Batting: RHB Jean-Pierre Alix 0-0: Ball
1-0: Foul Ball, location: 2F
1-1: Foul Ball, location: 2F
1-2: Strikes out looking
Batting: RHB Xavier Gonzalez 0-0: Ball
1-0: Called Strike
1-1: Foul Ball, location: 2F
1-2: Ball
2-2: Foul Ball, location: 2F
2-2: Fly out, F3 (Popup, 3F, EV 65.6 MPH)
Batting: RHB Jessie Hall 0-0: Ball
1-0: Ground out 4-3 (Groundball, 4, EV 108.8 MPH)
Top of the 4th over - 0 runs, 0 hits, 0 errors, 0 left on base; Northwest Territory 3 - Greenport 4
BOTTOM OF THE 4TH
Greenport Harbor Whales batting - Pitching for Northwest Territory Beavers : LHP Archie MacMurchy
Batting: RHB Andrew Rijerkerk 0-0: Fly out, F4 (Popup, 4MD, EV 58.1 MPH)
Batting: RHB Mariano Cabral 0-0: SINGLE (Groundball, 34, EV 91.9 MPH) (infield hit)
Batting: RHB Dusty Chapman 0-0: Ball
1-0: Ball
2-0: Fielders Choice at 2nd, 6-4 (Groundball, 56, EV 92.5 MPH)
Batting: RHB Vonne Zureta 0-0: Ball
1-0: Foul Ball, location: 2F
1-1: Foul Ball, location: 2F
1-2: Strikes out swinging
Bottom of the 4th over - 0 runs, 1 hit, 0 errors, 1 left on base; Northwest Territory 3 - Greenport 4
TOP OF THE 5TH
Northwest Territory Beavers batting - Pitching for Greenport Harbor Whales : RHP Leonard Harmon
Batting: RHB Hyun-soo Yi 0-0: Ball
1-0: Ball
2-0: Foul Ball, location: 2F
2-1: Fly out, F7 (Flyball, 7LS, EV 88.8 MPH)
Batting: RHB Ming Wang 0-0: Ball
1-0: Ball
2-0: Foul Ball, location: 2F
2-1: Foul Ball, location: 2F
2-2: Ball
3-2: SINGLE (Groundball, 56D, EV 109.4 MPH)
Batting: RHB Ijsbert Reynoud 0-0: Called Strike
0-1: Called Strike
Ming Wang steals 2nd base
0-2: Ground out 4-3 (Groundball, 34, EV 108.1 MPH)
Ming Wang to third
Batting: RHB Brian Day 0-0: Foul Ball, location: 2F
0-1: Swinging Strike
0-2: Strikes out swinging
Top of the 5th over - 0 runs, 1 hit, 0 errors, 1 left on base; Northwest Territory 3 - Greenport 4
BOTTOM OF THE 5TH
Greenport Harbor Whales batting - Pitching for Northwest Territory Beavers : LHP Archie MacMurchy
Batting: RHB Alex Thompson 0-0: Ball
1-0: Hit by Pitch
Batting: RHB Jeffrey Lewis 0-0: Sac Bunt to 15 - play at first, batter OUT! 1-4
Alex Thompson to second
Batting: LHB Albert Hanson 0-0: Ball
1-0: Fly out, F8 (Flyball, 8RD, EV 80.0 MPH)
Batting: RHB Robert Robinson 0-0: Fly out, F7 (Flyball, 78M, EV 86.2 MPH)
Bottom of the 5th over - 0 runs, 0 hits, 0 errors, 1 left on base; Northwest Territory 3 - Greenport 4
TOP OF THE 6TH
Northwest Territory Beavers batting - Pitching for Greenport Harbor Whales : RHP Leonard Harmon
Batting: RHB John Warren 0-0: Called Strike
0-1: Ball
1-1: DOUBLE (Line Drive, 9LM, EV 103.1 MPH)
Batting: RHB Ramón Moreno 0-0: Swinging Strike
0-1: Foul Ball, location: 2F
0-2: Ball
1-2: Strikes out swinging
Batting: RHB Jean-Pierre Alix 0-0: Ball
1-0: Ball
2-0: Foul Ball, location: 2F
2-1: Called Strike
2-2: Ball
3-2: Foul Ball, location: 2F
3-2: Foul Ball, location: 2F
3-2: Foul Ball, location: 2F
3-2: Base on Balls
Batting: RHB Xavier Gonzalez 0-0: Ball
1-0: Ball
2-0: Called Strike
2-1: Called Strike
2-2: Foul Ball, location: 2F
2-2: Foul Ball, location: 2F
2-2: Ball
3-2: Fly out, F3 (Popup, 34, EV 67.5 MPH)
Batting: RHB Jessie Hall 0-0: Fielders Choice at 2nd, 5-4 (Groundball, 5, EV 95.0 MPH)
Top of the 6th over - 0 runs, 1 hit, 0 errors, 2 left on base; Northwest Territory 3 - Greenport 4
BOTTOM OF THE 6TH
Greenport Harbor Whales batting - Pitching for Northwest Territory Beavers : LHP Archie MacMurchy
Batting: LHB Fabian Ekkel 0-0: Ground out 4-3 (Groundball, 4, EV 89.4 MPH)
Batting: RHB Andrew Rijerkerk 0-0: Fly out, F8 (Flyball, 89XD, EV 96.2 MPH)
Batting: RHB Mariano Cabral 0-0: Called Strike
0-1: Ball
1-1: Ball
2-1: Called Strike
2-2: Strikes out swinging
Bottom of the 6th over - 0 runs, 0 hits, 0 errors, 0 left on base; Northwest Territory 3 - Greenport 4
TOP OF THE 7TH
Northwest Territory Beavers batting - Pitching for Greenport Harbor Whales : RHP Leonard Harmon
Batting: RHB Hyun-soo Yi 0-0: Ball
1-0: SINGLE (Line Drive, 6, EV 97.5 MPH)
Pitching: RHP Arthur Rix
Batting: RHB Ming Wang 0-0: Ball
1-0: Ball
2-0: Ball
Hyun-soo Yi steals 2nd base
3-0: Called Strike
3-1: Called Strike
3-2: Foul Ball, location: 2F
3-2: Foul Ball, location: 2F
3-2: DOUBLE (Line Drive, 3D, EV 108.8 MPH)
Hyun-soo Yi scores
Batting: RHB Ijsbert Reynoud 0-0: Foul Ball, location: 2F
0-1: Foul Ball, location: 2F
0-2: Ball
1-2: Strikes out swinging
Batting: RHB Brian Day 0-0: Called Strike
0-1: Ball
Ming Wang steals 3rd base
1-1: Ball
2-1: Ball
3-1: Called Strike
3-2: Foul Ball, location: 2F
3-2: Foul Ball, location: 2F
3-2: Base on Balls
Batting: RHB John Warren 0-0: Foul Ball, location: 2F
0-1: Ball
1-1: Ball
2-1: Foul Ball, location: 2F
2-2: Ball
3-2: Strikes out swinging
Batting: RHB Ramón Moreno 0-0: Called Strike
0-1: Fly out, F5 (Line Drive, 5, EV 70.6 MPH)
Top of the 7th over - 1 run, 2 hits, 0 errors, 2 left on base; Northwest Territory 4 - Greenport 4
BOTTOM OF THE 7TH
Greenport Harbor Whales batting - Pitching for Northwest Territory Beavers : LHP Archie MacMurchy
Batting: RHB Dusty Chapman 0-0: Called Strike
0-1: Ball
1-1: Fly out, F3 (Popup, 3S, EV 76.2 MPH)
Batting: RHB Vonne Zureta 0-0: Ball
1-0: Ball
2-0: Foul Ball, location: 2F
2-1: Fly out, F4 (Popup, 23, EV 85.6 MPH)
Batting: RHB Alex Thompson 0-0: Ball
1-0: Ball
2-0: Ball
3-0: Called Strike
3-1: Fly out, F8 (Flyball, 8LD, EV 98.8 MPH)
Bottom of the 7th over - 0 runs, 0 hits, 0 errors, 0 left on base; Northwest Territory 4 - Greenport 4
TOP OF THE 8TH
Northwest Territory Beavers batting - Pitching for Greenport Harbor Whales : RHP Arthur Rix
Batting: RHB Jean-Pierre Alix 0-0: Fly out, F7 (Flyball, 78D, EV 81.2 MPH)
Batting: RHB Xavier Gonzalez 0-0: Ball
1-0: Ball
2-0: Called Strike
2-1: Ground out 6-3 (Groundball, 6, EV 86.9 MPH)
Batting: RHB Jessie Hall 0-0: Ball
1-0: Called Strike
1-1: Called Strike
1-2: Foul Ball, location: 2F
1-2: Strikes out swinging
Top of the 8th over - 0 runs, 0 hits, 0 errors, 0 left on base; Northwest Territory 4 - Greenport 4
BOTTOM OF THE 8TH
Greenport Harbor Whales batting - Pitching for Northwest Territory Beavers : LHP Archie MacMurchy
Pitching: RHP Aaron Rigsby
Batting: RHB Jeffrey Lewis 0-0: Ball
1-0: Ball
2-0: SINGLE (Groundball, 6D, EV 108.8 MPH)
Batting: LHB Albert Hanson 0-0: Called Strike
0-1: Ball
1-1: Ball
2-1: Ball
3-1: Grounds into double play, 5-4-3 (Groundball, 5, EV 91.9 MPH)
Batting: RHB Robert Robinson 0-0: Called Strike
0-1: Foul Ball, location: 2F
0-2: Ball
1-2: Ball
2-2: Ball
3-2: Fly out, F8 (Flyball, 8LS, EV 95.6 MPH)
Bottom of the 8th over - 0 runs, 1 hit, 0 errors, 0 left on base; Northwest Territory 4 - Greenport 4
TOP OF THE 9TH
Northwest Territory Beavers batting - Pitching for Greenport Harbor Whales : RHP Arthur Rix
Batting: RHB Hyun-soo Yi 0-0: DOUBLE (Line Drive, 78D, EV 104.4 MPH)
Batting: RHB Ming Wang 0-0: Intentional Walk
Pitching: RHP Raúl Ferrer
Batting: RHB Ijsbert Reynoud 0-0: Ball
1-0: Fielders Choice at 2nd, 6-4 (Groundball, 6, EV 94.4 MPH)
Hyun-soo Yi to third
Batting: RHB Brian Day 0-0: Ball
1-0: Ball
2-0: Called Strike
2-1: Swinging Strike
2-2: Ball
3-2: Fly out, F7 (Flyball, 7LMF, EV 90.0 MPH)
Runner from 3rd tags up, SCORES, no throw by LF
Batting: RHB John Warren 0-0: Ball
1-0: Called Strike
1-1: Called Strike
1-2: Foul Ball, location: 2F
1-2: Strikes out swinging
Top of the 9th over - 1 run, 1 hit, 0 errors, 1 left on base; Northwest Territory 5 - Greenport 4
BOTTOM OF THE 9TH
Greenport Harbor Whales batting - Pitching for Northwest Territory Beavers : RHP Aaron Rigsby
Batting: LHB Fabian Ekkel 0-0: Foul Ball, location: 2F
0-1: Swinging Strike
0-2: Strikes out swinging
Pinch Hitting: LHB Davis Davenport 0-0: Foul Ball, location: 2F
0-1: Ball
1-1: Called Strike
1-2: Ball
2-2: Foul Ball, location: 2F
2-2: Foul Ball, location: 2F
2-2: Ball
3-2: Strikes out swinging
Batting: RHB Mariano Cabral 0-0: Ball
1-0: Foul Ball, location: 2F
1-1: Ball
2-1: Ball
3-1: Base on Balls
Batting: RHB Dusty Chapman 0-0: Foul Ball, location: 2F
0-1: Called Strike
0-2: Strikes out looking
Bottom of the 9th over - 0 runs, 0 hits, 0 errors, 1 left on base; Northwest Territory 5 - Greenport 4
Friday, March 26th, 2021 - OOTP Baseball 20.8 Build 74